 Dungeon Crawl Stone Soup version 0.19.0-24-gb05acd6 (webtiles) character file.

3271 joejoepie the Firebug (level 9, -2/69 (71) HPs)
             Began as a White Draconian Fire Elementalist on Nov 20, 2016.
             Was a Priest of Zin.
             Slain by a black bear (6 damage)
             ... on level 10 of the Dungeon.
             The game lasted 01:44:47 (12800 turns).

joejoepie the Firebug (DrFE)                       Turns: 12800, Time: 01:44:48

HP:   -2/69 (71)    AC:  7    Str: 12    XL:     9   Next: 68%
MP:   19/19         EV: 13    Int: 17    God:    Zin [***...]
Gold: 202           SH:  0    Dex: 12    Spells: 4 memorised, 11 levels left

rFire  . . .     SeeInvis .     z - +3 scimitar
rCold  + . .     Gourm    .     (armour unavailable)
rNeg   . . .     Faith    .     (no shield)
rPois  .         Spirit   .     (helmet restricted)
rElec  .         Reflect  .     (no cloak)
rCorr  .         Harm     .     (no gloves)
MR     .....                    (no boots)
Stlth  ++........               c - amulet of regeneration
                                (no ring)
                                (no ring)

@: fainting, drained
A: breathe frost, unfitting armour, cold resistance 1, cold-blooded, AC +7
a: Breathe Frost, Recite, Vitalisation, Imprison, Donate Gold, Renounce Religion


You were on level 10 of the Dungeon.
You worshipped Zin.
Zin was most pleased with you.
You were fainting.

You visited 1 branch of the dungeon, and saw 10 of its levels.

You collected 331 gold pieces.
You spent 75 gold pieces at shops.
You donated 54 gold pieces to Zin.

Inventory:

Hand Weapons
 b - a +0 long sword
 d - a +3 dagger
 e - a +0 dagger
 g - a +0 hunting sling
 i - a +0 giant club
 k - a +0 halberd
 m - a +0 antimagic spear
 o - a +1 war axe
 q - a cursed -1 long sword
 r - a +4 falchion of freezing
 w - a +2 battleaxe
 x - a +2 scimitar
 y - a cursed +3 halberd
 z - a +3 scimitar (weapon)
 A - a +0 shortbow
 B - a +0 quarterstaff
 C - a +3 shortbow of flaming
Missiles
 f - 266 stones
 h - 97 arrows
 l - 32 sling bullets
 v - 4 tomahawks (quivered)
Jewellery
 c - an amulet of regeneration (around neck)
Wands
 n - a wand of paralysis (11/24)
Scrolls
 j - 3 scrolls of teleportation
 p - 3 scrolls of amnesia
 t - 5 scrolls of remove curse
 D - 3 scrolls of magic mapping
Potions
 s - 2 potions of invisibility {unknown}
 u - a potion of brilliance
 E - a potion of resistance {unknown}
Books
 a - a book of Flames

   Spells                             Type                      Level
   a - Flame Tongue                   Conjuration/Fire             1
   b - Throw Flame                    Conjuration/Fire             2
   c - Conjure Flame                  Conjuration/Fire             3
   d - Inner Flame                    Hexes/Fire                   3
   e - Sticky Flame                   Conjuration/Fire             4
   f - Fireball                       Conjuration/Fire             5


   Skills:
 + Level 3.8(3.6) Fighting
 + Level 0.4(0.9) Short Blades
 + Level 1.6(1.5) Long Blades
 + Level 3.9(3.7) Dodging
 + Level 3.5(3.3) Stealth
 + Level 6.8(6.6) Spellcasting
 + Level 4.6(4.4) Conjurations
 * Level 7.5(7.3) Fire Magic
 + Level 0.4(0.3) Invocations


You had 11 spell levels left.
You knew the following spells:

 Your Spells              Type           Power        Failure   Level  Hunger
a - Flame Tongue          Conj/Fire      ####.        1%          1    None
b - Throw Flame           Conj/Fire      ####..       1%          2    None
c - Conjure Flame         Conj/Fire      ####....     3%          3    ##.....
d - Sticky Flame          Conj/Fire      ####....     12%         4    ####...


Dungeon Overview and Level Annotations

Branches:
Dungeon (10/15)            Temple (0/1) D:4
   Lair: D:8-11         Orc: D:9-12

Altars:
Ashenzari
Cheibriados
Elyvilon
Gozag
Hepliaklqana
Kikubaaqudgha
Okawaru
Ru
Vehumet
Xom
Yredelemnul
Zin

Shops:
D:2 *   D:4 *

Annotations:
D:4 azzavlup's ghost, amateur MfIE


Innate Abilities, Weirdness & Mutations

You can breathe waves of freezing cold.
You can buffet flying creatures when you breathe cold.
Your icy white scales are hard. (AC +7)
You cannot fit into any form of body armour.
Your flesh is cold resistant. (rC+)
You are cold-blooded and may be slowed by cold attacks.


Message History

The black bear misses you.
The black bear claws you but does no damage.
The black bear barely misses you. The black bear misses you.
The black bear barely misses you. The black bear misses you.
You closely miss the black bear. You tail-slap the black bear.
The black bear is almost dead.
The black bear barely misses you.
The black bear claws you but does no damage. x2
The black bear bites you but does no damage.
The black bear claws you but does no damage. x2
You closely miss the black bear.
The black bear is almost dead.
The black bear closely misses you.
You riposte.
You barely miss the black bear.
The black bear is almost dead.
The black bear misses you.
The black bear claws you but does no damage.
The black bear bites you.
* * * LOW HITPOINT WARNING * * *
The black bear closely misses you. The black bear claws you.
You die...

#..........
#.........
#........
#.......#
###.......#
.......)..#
.......<..#
..........#######
........h@......#
................#
........#########
#########


You could see a black bear (berserk).

Vanquished Creatures
  A hippogriff (D:7)
  A hornet (D:7)
  A sky beast (D:8)
  An ice beast (D:7)
  An orc warrior (D:7)
  A necrophage (D:6)
  2 phantoms
  3 ogres
  2 centaurs
  Blork the orc (D:4)
  A wyvern zombie (D:6)
  4 killer bees
  13 wights
  A howler monkey (D:4)
  A crimson imp (D:7)
  4 orc priests
  6 hounds
  3 orc wizards
  3 jellies
  A gnoll shaman (D:7)
  2 iguanas (D:5)
  5 worker ants
  A worker ant zombie (D:7)
  10 adders
  11 gnolls
  2 shadow imps
  3 oozes
  A worm (D:3)
  5 dart slugs
  3 leopard geckos
  10 orcs
  2 giant cockroaches
  10 hobgoblins
  13 jackals
  3 quokkas
  2 ball pythons (D:1)
  8 bats
  6 frilled lizards
  13 goblins
  13 kobolds
  A leopard gecko skeleton (D:5)
  A quokka skeleton (D:5)
  10 rats
186 creatures vanquished.

Notes
Turn   | Place    | Note
-------+----------+-------------------------------------------
     0 | D:1      | joejoepie the Draconian Fire Elementalist began the quest for the Orb.
     0 | D:1      | Reached XP level 1. HP: 14/14 MP: 3/3
   551 | D:1      | Reached XP level 2. HP: 20/20 MP: 3/5
  1008 | D:1      | Learned a level 2 spell: Throw Flame
  1357 | D:1      | Reached XP level 3. HP: 25/26 MP: 1/6
  2200 | D:2      | Learned a level 3 spell: Conjure Flame
  2207 | D:2      | Found Gozag's Platinum Reserve.
  2211 | D:2      | Found an opulent altar of Gozag.
  2377 | D:2      | Reached XP level 4. HP: 33/33 MP: 4/8
  2481 | D:2      | Reached skill level 4 in Fire Magic
  2652 | D:2      | Found a glowing silver altar of Zin.
  2654 | D:2      | Noticed an angel
  2665 | D:2      | Reached skill level 1 in Fighting
  2705 | D:2      | Found a shimmering altar of Xom.
  2715 | D:2      | Became a worshipper of Zin the Law-Giver
  2730 | D:2      | Donated 21 gold pieces to Zin
  2942 | D:2      | Found a shattered altar of Ashenzari.
  3416 | D:2      | Reached XP level 5. HP: 40/40 MP: 0/9
  4304 | D:3      | Found a basalt altar of Yredelemnul.
  4399 | D:3      | Found an iron altar of Okawaru.
  4514 | D:3      | Reached * piety under Zin
  5253 | D:3      | Found a radiant altar of Vehumet.
  5253 | D:3      | Found a faded altar of an unknown god.
  5259 | D:3      | Found a faded altar of an unknown god.
  5264 | D:3      | Found a faded altar of an unknown god.
  5265 | D:3      | Found a faded altar of an unknown god.
  5441 | D:4      | Noticed azzavlup's ghost (amateur MfIE)
  5456 | D:4      | Found a staircase to the Ecumenical Temple.
  5465 | D:3      | Reached XP level 6. HP: 36/49 MP: 7/10
  5887 | D:3      | Reached skill level 5 in Fire Magic
  6017 | D:4      | Found Olorgha's Assorted Antiques.
  6025 | D:4      | Bought a potion of curing for 75 gold pieces
  6043 | D:4      | Noticed Blork the orc
  6066 | D:4      | Killed Blork the orc
  6185 | D:4      | Your scales start taking on an icy white colour.
  6185 | D:4      | Reduced skill Fire Magic to level 4
  6185 | D:4      | Reached XP level 7. HP: 56/56 MP: 10/13
  6185 | D:4      | Gained mutation: Your flesh is cold resistant. (rC+) [White Draconian growth]
  6208 | D:5      | Entered Level 5 of the Dungeon
  6525 | D:5      | Found a sacrificial altar of Ru.
  6616 | D:5      | Reached ** piety under Zin
  7474 | D:5      | Found a hazy altar of Hepliaklqana.
  7506 | D:5      | Reached skill level 5 in Fire Magic
  7553 | D:5      | Learned a level 4 spell: Sticky Flame
  7671 | D:5      | Found a snail-covered altar of Cheibriados.
  8163 | D:6      | Reached skill level 5 in Spellcasting
  8251 | D:6      | Reached XP level 8. HP: 23/61 MP: 4/15
  9516 | D:6      | Reached skill level 6 in Fire Magic
 10622 | D:7      | Reached XP level 9. HP: 52/68 MP: 0/17
 10947 | D:7      | Found a white marble altar of Elyvilon.
 11106 | D:7      | Reached *** piety under Zin
 11592 | D:7      | Reached skill level 1 in Long Blades
 11769 | D:7      | Reached skill level 7 in Fire Magic
 12030 | D:6      | HP: 2/68 [killer bee (5)]
 12036 | D:6      | HP: 3/68 [poisoned by a killer bee]
 12643 | D:8      | Found an ancient bone altar of Kikubaaqudgha.
 12767 | D:10     | Entered Level 10 of the Dungeon
 12783 | D:10     | Paralysed by fainting for 11 turns
 12796 | D:10     | HP: 3/69 [black bear (5)]
 12800 | D:10     | Slain by a black bear

Skill      XL: |  1  2  3  4  5  6  7  8  9 |
---------------+----------------------------+-----
Stealth        | 2 3 |  3.5
Dodging        | 2 3 |  3.9
Fire Magic     | 4 4 5 6 7 |  7.5
Fighting       | 1 2 3 |  3.8
Conjurations   | 2 3 4 |  4.6
Spellcasting   | 3 4 5 6 |  6.8
Long Blades    | 1 |  1.6
Short Blades   | |  0.4
Invocations    | |  0.4

Action                   |  1- 3 |  4- 6 |  7- 9 || total
-------------------------+-------+-------+-------++-------
Melee: Dagger            |    31 |     6 |       ||    37
       Tailslap          |     2 |     3 |    10 ||    15
       War axe           |       |    18 |    16 ||    34
       Scimitar          |       |       |    44 ||    44
 Cast: Flame Tongue      |    42 |    95 |   186 ||   323
       Throw Flame       |    21 |    39 |   123 ||   183
       Sticky Flame      |       |       |    16 ||    16
Invok: Donate Gold       |       |     1 |       ||     1
       Recite            |       |     1 |       ||     1
 Abil: Breathe Frost     |       |       |     6 ||     6
  Use: Scroll            |     1 |     6 |     4 ||    11
       Potion            |     2 |     5 |     4 ||    11
 Stab: Sleeping          |       |       |     1 ||     1
  Eat: Chunk             |     6 |     7 |     2 ||    15
       Bread ration      |       |     1 |     3 ||     4
       Royal jelly       |       |     1 |       ||     1
       Meat ration       |       |       |     2 ||     2
Armor: Skin              |    12 |    29 |    99 ||   140
Dodge: Dodged            |    28 |    52 |   211 ||   291
       Rpst.: Scimitar   |       |       |    43 ||    43
